 Dungeon Crawl Stone Soup version 0.23-a0-398-g8eab93f (webtiles) character file.

19 w00t the Digger (level 2, 0/17 HPs)
             Began as an Octopode Earth Elementalist on Nov 3, 2018.
             Slain by a jackal (1 damage)
             ... on level 1 of the Dungeon.
             The game lasted 00:02:10 (1177 turns).

w00t the Digger (Octopode Earth Elementalist)       Turns: 1177, Time: 00:02:10

Health: 0/17       AC:  1    Str:  7    XL:     2   Next: 75%
Magic:  5/5        EV: 13    Int: 17    God:
Gold:   50         SH:  0    Dex: 12    Spells: 5/6 levels left

rFire    . . .     SeeInvis .   a - +0 club
rCold    . . .     Gourm    .   (no shield)
rNeg     . . .     Faith    .   (helmet restricted)
rPois    .         Spirit   .   (no amulet)
rElec    .         Reflect  .   d - ring of resist corrosion
rCorr    +         Harm     .   (no ring)
MR       .....                  (no ring)
Stlth    +++.......             (no ring)
HPRegen  0.05/turn              (no ring)
MPRegen  0.09/turn              (no ring)
                                (no ring)
                                (no ring)

@: hasted, very quick
A: almost no armour, stealthy swim, amphibious, 8 rings, constrict 8, camouflage
1, gelatinous body 1
a: no special abilities


You were on level 1 of the Dungeon.
You were not hungry.

You visited 1 branch of the dungeon, and saw 1 of its levels.

You collected 50 gold pieces.

Inventory:

Hand Weapons
 a - a +0 club (weapon)
Missiles
 b - 56 stones (quivered)
 g - 2 javelins
Jewellery
 d - a ring of resist corrosion (left tentacle)
Scrolls
 f - a scroll of identify {unknown}
 h - a scroll of remove curse {unknown}
Comestibles
 c - a ration
 i - 2 chunks of flesh


   Skills:
 - Level 2.0 Dodging
 - Level 3.0 Stealth
 + Level 2.5 Spellcasting
   Level 1.0 Transmutations
 + Level 3.4 Earth Magic


You had 5 spell levels left.
You knew the following spells:

 Your Spells              Type           Power        Failure   Level  Hunger
a - Sandblast             Erth           ##....       4%          1    #......

Your spell library contained the following spells:

 Spells                   Type           Power        Failure   Level  Hunger
 Passwall                 Tmut/Erth      #.......     11%         2    ##.....
 Stone Arrow              Conj/Erth      #.....       26%         3    ###....
 Petrify                  Tmut/Erth      #.......     58%         4    #####..
 Lee's Rapid Deconstruct  Erth           ##........   77%         5    ######.


Dungeon Overview and Level Annotations

Branches:
Dungeon (1/15)

Altars:


Innate Abilities, Weirdness & Mutations

You cannot wear most types of armour.
You are very stealthy in the water. (Stealth+)
You are amphibious.
You can wear up to eight rings at the same time.
You can use your tentacles to constrict eight enemies at once.
Your skin changes colour to match your surroundings (Stealth+).
Your rubbery body absorbs attacks. (AC +1, EV +1)


Message History

You constrict the jackal. The jackal closely misses you.
The jackal bites you but does no damage.
Okay, then.
You hit the jackal.
You kill the jackal!
The jackal barely misses you. The jackal closely misses you.
The jackal closely misses you. The jackal closely misses you.
The jackal bites you.
* * * LOW HITPOINT WARNING * * *
The jackal bites you.
* * * LOW HITPOINT WARNING * * *
The jackal closely misses you. The jackal barely misses you.
The jackal bites you.
* * * LOW HITPOINT WARNING * * *
It was a potion of haste.
You feel yourself speed up. The jackal barely misses you. The jackal bites you.
You die...

........# ##.####.# #.....#.#
#..##.#.# #..##.#.########### #
#..##.#.##........###############
##.##.#.##.......................
##.##.#.##........###############
##.##.#.######..@..#######.......
##.##.#.........hh.#....##.######
..>................+....'..).....
##.####............#....##.######
................g..#....##.#.....
##.#####...........#.....#.#.....
#...............................
#######.............###.###.....
#........###### #.# ######


You could see 2 jackals and a hobgoblin.

Vanquished Creatures
  A leopard gecko (D:1)
  3 giant cockroaches (D:1)
  3 goblins (D:1)
  A hobgoblin (D:1)
  2 jackals (D:1)
  3 bats (D:1)
  A frilled lizard (D:1)
  2 rats (D:1)
16 creatures vanquished.

Notes
Turn   | Place    | Note
-------+----------+-------------------------------------------
     0 | D:1      | w00t the Octopode Earth Elementalist began the quest for
                  | the Orb.
     0 | D:1      | Reached XP level 1. HP: 11/11 MP: 3/3
   539 | D:1      | Reached XP level 2. HP: 8/17 MP: 5/5
  1177 | D:1      | Slain by a jackal

Vault maps used:
D:1:      zaba_arrival_water, st_stairs_10

Skill      XL: |  1 |
---------------+----+-----
Stealth        | 3 |  3.0
Dodging        | |  2.0
Spellcasting   | |  2.5
Transmutations | |  1.0
Earth Magic    | |  3.4

Action                   || total
-------------------------++-------
Melee: Unarmed           ||    12
       Club              ||    27
       Tentacles         ||     9
       Constrict         ||    11
 Cast: Sandblast         ||     4
  Use: Potion            ||     1
 Stab: Sleeping          ||     5
  Eat: Chunk             ||     1
Armor: Skin              ||     5
Dodge: Dodged            ||    33

Table legend:
 A = Non-vault XP
 B = Vault XP
 C = Vault XP percentage of total XP
 D = Non-vault monster count
 E = Vault monster count
 F = Vault count percentage of total count
                 A         B        C        D         E       F
            +---------+---------+-------+---------+---------+-------
      Total |      25 |       3 |  10.7 |      14 |       2 |  12.5
            +---------+---------+-------+---------+---------+-------
        D:1 |      25 |       3 |  10.7 |      14 |       2 |  12.5
            +---------+---------+-------+---------+---------+-------
